caesar, neutral male human Barbarian ---- ------------- |.. |...........| |. #.............#### |. ###----+-------- |. # ### |. # # . # ### | # # # ### # # # ### --|------- ------# # |........| |?.m.|# ## |......... |??@@-# --------.-------# #.....<...| |....| |............%.-#####---------- ------ |..............|# |............... ---------------- caesar the Pillager Experience level: 3 Strength: 18/01 Dexterity: 16 Constitution: 18 Intelligence: 7 Wisdom: 8 Charisma: 7 Health: 0(30) Energy: 8(8) Def: 4 Gold: 381 Moves: 1207 Dungeon seed: VB2rkhq7VWViQ_5k Game ID: caesar_1550502153 Your Inventory: Coins $ - 381 gold pieces Weapons a - a +0 two-handed sword (weapon in hands) b - a +0 axe (alternate weapon; not wielded) Armor e - an uncursed +0 ring mail (being worn) n - an uncursed +0 pair of low boots (being worn) Comestibles c - an uncursed food ration Scrolls f - a cursed scroll of enchant weapon j - an uncursed scroll of identify k - a blessed scroll of enchant weapon Potions d - an uncursed potion of extra healing h - an uncursed potion of water Wands g - a wand of secret door detection (0:14) Spells and supernatural/magical abilities: Name Level Category Fail Memory W - pray for help -- divine ? -- Your skills at the end: Fighting Skills bare handed combat [Basic] Weapon Skills axe [Basic] two-handed sword [Basic] Spellcasting Skills Final Attributes: You were fervently aligned. You were poison resistant. You were held by a giant mimic. You were lucky. You are dead. Vanquished creatures: a small mimic 2 giant rats a red mold a gecko 3 jackals a goblin 2 sewer rats 5 grid bugs 4 lichens 5 newts 25 creatures vanquished. Voluntary challenges: You were an atheist. You used a wielded weapon 21 times, starting on turn 67. You read items or engraved 1 time, starting on turn 486. You never genocided any monsters. You never polymorphed an object. You never changed form. You used no wishes. You never split a pudding. You wrote Elbereth's name 1 time, starting on turn 486. You never violated your personal moral code. Dungeon overview: The Dungeons of Doom: levels 1 to 4 Level 1 a long staircase Level 2 a potion shop Level 3 (vault) an armor shop, a fountain Level 4 <- You were here a scroll shop History has recorded: On T:1 you entered the Dungeons of Doom to retrieve the Amulet of Yendor! On T:194 you reached level 2 of The Dungeons of Doom. On T:673 you reached level 3 of The Dungeons of Doom. On T:809 you advanced to experience level 2. On T:947 you reached level 4 of The Dungeons of Doom. On T:948 you advanced to experience level 3. Score breakdown: Gold: 381 ( 8783 points) Experience: 3 levels ( 7878 points) Exploration: 4 levels ( 8.16%) ( 7500 points) Discoveries: 1 item ( 0.41%) ( 1912 points) Valuables value: (no points given unless you survive) Artifact value: 0 ( 0 points) Variety of kills: 10 monsters ( 2.62%) ( 4860 points) Turncount: 1207 turns ( 0 points) Survival: died (score multiplied by 80%) Total score: 24746 Latest messages: You cannot escape from the giant mimic! (2x) You pull free from the giant mimic. You stop. Homeslice is in the way! Homeslice drops a scroll labeled NR 9. You see here 2 scrolls labeled NR 9 (180 zorkmids). You see here a scroll labeled NR 9 (90 zorkmids). You bought a scroll of identify for 30 gold pieces. "Thank you for shopping in Rath Luirc's second-hand bookstore!" Homeslice picks up a scroll labeled NR 9. You hear someone cursing shoplifters. The door closes. You hear the chime of a cash register. You displace homeslice. k - a scroll labeled NR 9. "Hello, caesar! Welcome again to Rath Luirc's second-hand bookstore!" Wait! That's a giant mimic! You smite the giant mimic! (2x) The giant mimic hits! (2x) You die... Rath Luirc gratefully inherits all your possessions. Final status: Goodbye caesar the Barbarian, killed by a giant mimic... You died in The Dungeons of Doom on dungeon level 4 with 24746 points, and 381 pieces of gold, after 1207 moves. You were level 3 with a maximum of 30 hit points when you died.